2325 views
Uploaded 2022-04-26 19:09:15
Game version 1.32 / 1.32.1
63:26 long 4on4 ladder game on (8)Sanctuary_LV
Saved by Cabeelibob
2325 views
Uploaded 2022-04-26 19:09:15
Game version 1.32 / 1.32.1
63:26 long 4on4 ladder game on (8)Sanctuary_LV


143 units @ 12.7k
/ 1.8k
209 buildings @ 17.3k
/ 7.2k
Cabeelibob
(194)
(63:13) : 
| Healing Salve | 5 | 500 |
| Lesser Clarity Potion | 10 | 700 |
| Orb of Lightning | 1 | 375 |
| Tiny Great Hall | 1 | 600 |
| Staff of Teleportation | 1 | 150 |
| Boots of Speed | 1 | 250 |
| total: | 19 | 2575g |
| Peon | 21 | 1575 | / | 0 |
| total: | 21 | 1575g | / | 0w |
| Watch Tower | 6 | 660 | / | 480 |
| Altar of Storms | 2 | 360 | / | 100 |
| Orc Burrow | 7 | 1120 | / | 280 |
| Voodoo Lounge | 4 | 520 | / | 120 |
| War Mill | 2 | 410 | / | 0 |
| Great Hall | 2 | 770 | / | 370 |
| Stronghold | 1 | 315 | / | 190 |
| Fortress | 1 | 325 | / | 190 |
| total: | 23 | 3840g | / | 1350w |
| 0:03 | Altar of Storms |
| 0:04 | Orc Burrow |
| 0:07 | Voodoo Lounge |
| 0:10 | Orc Burrow |
| 0:13 | Voodoo Lounge |
| 0:15 | Peon |
| 0:42 | Peon |
| 0:54 | Peon |
| 1:23 | Peon |
| 1:24 | Peon |
| 1:38 | Peon |
| 1:50 | Orc Burrow |
| 2:03 | War Mill |
| 2:11 | Peon |
| 2:17 | Wind Walk |
| 2:24 | Peon |
| 2:51 | Orc Burrow |
| 2:54 | Peon |
| 2:54 | Peon |
| 3:23 | Spiked Barricades |
| 3:26 | Peon |
| 3:26 | Peon |
| 4:02 | Orc Burrow |
| 4:06 | Healing Salve |
| 4:43 | Stronghold |
| 4:51 | Watch Tower |
| 4:52 | Watch Tower |
| 4:52 | Watch Tower |
| 4:53 | Watch Tower |
| 4:54 | Watch Tower |
| 4:54 | Watch Tower |
| 5:52 | Critical Strike |
| 6:41 | Healing Salve |
| 6:45 | Lesser Clarity Potion |
| 7:04 | Improved Spiked Barricades |
| 7:05 | Reinforced Defenses |
| 7:07 | Fortress |
| 7:57 | Staff of Teleportation |
| 7:57 | Boots of Speed |
| 9:52 | Voodoo Lounge |
| 9:55 | Orc Burrow |
| 10:25 | War Mill |
| 11:06 | Orb of Lightning |
| 11:22 | Altar of Storms |
| 11:42 | Tiny Great Hall |
| 17:39 | Critical Strike |
| 23:09 | Peon |
| 23:09 | Peon |
| 23:09 | Peon |
| 23:09 | Peon |
| 23:10 | Peon |
| 24:40 | Critical Strike |
| 24:52 | Peon |
| 24:52 | Peon |
| 24:52 | Peon |
| 24:52 | Peon |
| 28:39 | Great Hall |
| 30:51 | Healing Salve |
| 33:38 | Lesser Clarity Potion |
| 33:55 | Bladestorm |
| 34:46 | Great Hall |
| 37:26 | Healing Salve |
| 37:26 | Lesser Clarity Potion |
| 39:31 | Lesser Clarity Potion |
| 41:04 | Lesser Clarity Potion |
| 42:50 | Lesser Clarity Potion |
| 42:53 | Healing Salve |
| 44:26 | Lesser Clarity Potion |
| 45:24 | Lesser Clarity Potion |
| 47:00 | Lesser Clarity Potion |
| 52:32 | Lesser Clarity Potion |
| 54:12 | Mirror Image |
| 55:00 | Orc Burrow |
| 58:10 | Voodoo Lounge |
| Right click | 2144 |
| Misc. action | 322 |
| Select | 290 |
| Select group | 119 |
| Build/train/purchase | 109 |
| Use ability | 31 |
| Chat | 18 |
| Resource trade | 15 |
| Item give/drop | 11 |
| Minimap ping | 11 |
| Remove unit | 4 |
| Esc | 3 |
| Assign group | 1 |


| Lesser Clarity Potion | 5 | 350 |
| Orb of Fire | 1 | 325 |
| Staff of Sanctuary | 1 | 250 |
| Scroll of Speed | 1 | 50 |
| Healing Salve | 2 | 200 |
| total: | 10 | 1175g |
| Peasant | 26 | 1950 | / | 0 |
| total: | 26 | 1950g | / | 0w |
| Scout Tower | 25 | 750 | / | 500 |
| Arcane Tower | 1 | 70 | / | 50 |
| Guard Tower | 18 | 1260 | / | 900 |
| Altar of Kings | 4 | 720 | / | 200 |
| Farm | 17 | 1360 | / | 340 |
| Lumber Mill | 2 | 240 | / | 0 |
| Arcane Vault | 1 | 130 | / | 30 |
| Town Hall | 5 | 1925 | / | 1025 |
| Keep | 1 | 320 | / | 210 |
| Castle | 2 | 720 | / | 420 |
| total: | 54 | 5125g | / | 2095w |
| 0:02 | Peasant |
| 0:17 | Altar of Kings |
| 0:20 | Farm |
| 0:25 | Peasant |
| 0:30 | Lumber Mill |
| 0:38 | Peasant |
| 0:42 | Peasant |
| 0:51 | Peasant |
| 0:56 | Farm |
| 0:59 | Scout Tower |
| 1:05 | Peasant |
| 1:25 | Arcane Tower |
| 1:34 | Peasant |
| 2:10 | Peasant |
| 2:10 | Peasant |
| 2:17 | Storm Bolt |
| 2:18 | Peasant |
| 2:33 | Keep |
| 3:32 | Scout Tower |
| 3:33 | Scout Tower |
| 3:37 | Improved Masonry |
| 4:06 | Scout Tower |
| 4:08 | Scout Tower |
| 4:10 | Scout Tower |
| 4:11 | Scout Tower |
| 5:22 | Castle |
| 5:27 | Peasant |
| 5:28 | Peasant |
| 5:28 | Peasant |
| 5:28 | Peasant |
| 5:28 | Peasant |
| 5:31 | Improved Lumber Harvesting |
| 5:33 | Advanced Masonry |
| 5:34 | Peasant |
| 5:34 | Peasant |
| 5:39 | Farm |
| 5:42 | Farm |
| 5:51 | Scroll of Speed |
| 5:51 | Lesser Clarity Potion |
| 5:51 | Lesser Clarity Potion |
| 5:52 | Healing Salve |
| 5:52 | Healing Salve |
| 6:39 | Holy Light |
| 6:45 | Scout Tower |
| 6:48 | Scout Tower |
| 6:51 | Scout Tower |
| 6:54 | Scout Tower |
| 7:09 | Guard Tower |
| 7:22 | Guard Tower |
| 7:42 | Peasant |
| 7:43 | Peasant |
| 7:52 | Castle |
| 8:00 | Bash |
| 8:15 | Bash |
| 8:23 | Holy Light |
| 8:32 | Guard Tower |
| 9:08 | Guard Tower |
| 9:52 | Farm |
| 9:55 | Farm |
| 10:44 | Scout Tower |
| 10:46 | Scout Tower |
| 10:49 | Scout Tower |
| 11:14 | Scout Tower |
| 11:15 | Scout Tower |
| 11:19 | Scout Tower |
| 11:20 | Scout Tower |
| 11:21 | Guard Tower |
| 11:26 | Arcane Vault |
| 11:29 | Peasant |
| 11:29 | Peasant |
| 11:30 | Advanced Lumber Harvesting |
| 11:30 | Imbued Masonry |
| 11:34 | Farm |
| 11:46 | Scout Tower |
| 11:46 | Scout Tower |
| 11:48 | Guard Tower |
| 11:55 | Scout Tower |
| 12:16 | Guard Tower |
| 12:33 | Guard Tower |
| 12:42 | Scout Tower |
| 12:44 | Scout Tower |
| 12:48 | Peasant |
| 12:48 | Peasant |
| 12:48 | Peasant |
| 12:48 | Peasant |
| 12:48 | Peasant |
| 12:56 | Farm |
| 13:30 | Orb of Fire |
| 13:30 | Staff of Sanctuary |
| 13:37 | Scout Tower |
| 13:39 | Guard Tower |
| 13:41 | Guard Tower |
| 13:43 | Scout Tower |
| 14:24 | Lumber Mill |
| 14:26 | Guard Tower |
| 14:58 | Wind Walk |
| 15:24 | Altar of Kings |
| 15:33 | Altar of Kings |
| 16:23 | Town Hall |
| 19:42 | Farm |
| 20:51 | Farm |
| 22:17 | Farm |
| 25:02 | Storm Bolt |
| 25:09 | Holy Light |
| 25:10 | Divine Shield |
| 25:11 | Divine Shield |
| 25:15 | Divine Shield |
| 25:22 | Holy Light |
| 25:52 | Town Hall |
| 26:01 | Altar of Kings |
| 26:25 | Town Hall |
| 28:15 | Holy Light |
| 29:28 | Town Hall |
| 30:15 | Farm |
| 30:16 | Farm |
| 30:16 | Farm |
| 33:15 | Storm Bolt |
| 33:51 | Divine Shield |
| 34:45 | Town Hall |
| 35:40 | Bash |
| 36:03 | Storm Bolt |
| 37:21 | Divine Shield |
| 37:23 | Divine Shield |
| 38:07 | Storm Bolt |
| 38:47 | Lesser Clarity Potion |
| 40:14 | Holy Light |
| 40:30 | Holy Light |
| 42:50 | Lesser Clarity Potion |
| 44:09 | Wind Walk |
| 45:27 | Lesser Clarity Potion |
| 45:30 | Bash |
| 45:51 | Storm Bolt |
| 47:04 | Holy Light |
| 50:46 | Farm |
| 50:48 | Farm |
| 50:49 | Farm |
| 51:31 | Avatar |
| 55:37 | Storm Bolt |
| 55:44 | Resurrection |
| 55:53 | Resurrection |
| 60:41 | Resurrection |
| Right click | 4182 |
| Select group | 3879 |
| Select | 1501 |
| Misc. action | 297 |
| Use ability | 208 |
| Build/train/purchase | 145 |
| Minimap ping | 84 |
| Chat | 18 |
| Assign group | 8 |
| Esc | 8 |
| Item give/drop | 1 |
Jgraham2
(30)
(63:05) : 

| Peasant | 17 | 1275 | / | 0 |
| total: | 17 | 1275g | / | 0w |
| Scout Tower | 73 | 2190 | / | 1460 |
| Arcane Tower | 1 | 70 | / | 50 |
| Guard Tower | 17 | 1190 | / | 850 |
| Altar of Kings | 2 | 360 | / | 100 |
| Farm | 9 | 720 | / | 180 |
| Lumber Mill | 2 | 240 | / | 0 |
| Town Hall | 1 | 385 | / | 205 |
| Keep | 1 | 320 | / | 210 |
| total: | 87 | 3895g | / | 1945w |
| 0:09 | Altar of Kings |
| 0:10 | Peasant |
| 0:10 | Peasant |
| 0:10 | Peasant |
| 0:10 | Peasant |
| 0:51 | Farm |
| 0:52 | Farm |
| 0:53 | Farm |
| 0:58 | Farm |
| 0:59 | Farm |
| 1:03 | Scout Tower |
| 1:04 | Peasant |
| 1:04 | Peasant |
| 1:35 | Peasant |
| 1:35 | Peasant |
| 1:49 | Arcane Tower |
| 2:01 | Peasant |
| 2:01 | Peasant |
| 2:19 | Lumber Mill |
| 2:25 | Peasant |
| 2:54 | Peasant |
| 2:54 | Peasant |
| 3:16 | Storm Bolt |
| 3:32 | Keep |
| 4:11 | Scout Tower |
| 4:12 | Scout Tower |
| 4:13 | Scout Tower |
| 4:14 | Scout Tower |
| 4:17 | Scout Tower |
| 4:17 | Scout Tower |
| 4:29 | Improved Masonry |
| 4:43 | Scout Tower |
| 4:43 | Scout Tower |
| 4:44 | Scout Tower |
| 4:46 | Scout Tower |
| 4:47 | Scout Tower |
| 4:47 | Scout Tower |
| 4:48 | Scout Tower |
| 4:49 | Scout Tower |
| 5:23 | Scout Tower |
| 5:24 | Scout Tower |
| 5:25 | Scout Tower |
| 5:30 | Guard Tower |
| 6:02 | Town Hall |
| 6:06 | Improved Lumber Harvesting |
| 6:06 | Advanced Masonry |
| 6:52 | Guard Tower |
| 7:46 | Guard Tower |
| 7:52 | Holy Light |
| 8:06 | Scout Tower |
| 8:07 | Scout Tower |
| 8:08 | Scout Tower |
| 8:08 | Scout Tower |
| 8:09 | Scout Tower |
| 8:13 | Guard Tower |
| 9:01 | Guard Tower |
| 9:09 | Guard Tower |
| 9:27 | Peasant |
| 9:27 | Peasant |
| 9:28 | Peasant |
| 9:28 | Peasant |
| 9:33 | Scout Tower |
| 9:39 | Scout Tower |
| 9:40 | Scout Tower |
| 9:40 | Scout Tower |
| 9:42 | Scout Tower |
| 9:43 | Scout Tower |
| 9:45 | Scout Tower |
| 9:51 | Scout Tower |
| 9:51 | Scout Tower |
| 9:55 | Scout Tower |
| 9:56 | Scout Tower |
| 9:57 | Scout Tower |
| 9:58 | Scout Tower |
| 9:59 | Scout Tower |
| 10:38 | Guard Tower |
| 11:00 | Guard Tower |
| 11:49 | Altar of Kings |
| 12:01 | Scout Tower |
| 12:01 | Scout Tower |
| 12:02 | Scout Tower |
| 12:05 | Scout Tower |
| 12:06 | Scout Tower |
| 12:11 | Guard Tower |
| 12:41 | Guard Tower |
| 13:05 | Farm |
| 13:07 | Farm |
| 13:08 | Farm |
| 13:08 | Farm |
| 13:18 | Scout Tower |
| 13:24 | Scout Tower |
| 13:24 | Scout Tower |
| 13:29 | Guard Tower |
| 13:36 | Scout Tower |
| 13:36 | Scout Tower |
| 13:37 | Scout Tower |
| 13:38 | Scout Tower |
| 13:47 | Scout Tower |
| 13:49 | Scout Tower |
| 14:21 | Guard Tower |
| 14:26 | Scout Tower |
| 14:27 | Scout Tower |
| 14:27 | Scout Tower |
| 14:50 | Guard Tower |
| 15:17 | Scout Tower |
| 15:18 | Scout Tower |
| 15:21 | Guard Tower |
| 28:31 | Lumber Mill |
| 30:04 | Guard Tower |
| 30:46 | Scout Tower |
| 30:46 | Scout Tower |
| 30:48 | Scout Tower |
| 30:48 | Scout Tower |
| 30:49 | Scout Tower |
| 30:50 | Scout Tower |
| 30:51 | Scout Tower |
| 30:51 | Scout Tower |
| 30:53 | Scout Tower |
| 30:53 | Scout Tower |
| 30:54 | Scout Tower |
| 30:56 | Scout Tower |
| 30:57 | Scout Tower |
| 33:33 | Scout Tower |
| 33:36 | Scout Tower |
| 33:36 | Scout Tower |
| 33:39 | Guard Tower |
| 37:41 | Guard Tower |
| 56:31 | Scout Tower |
| Right click | 2624 |
| Select group | 2340 |
| Select | 461 |
| Resource trade | 92 |
| Build/train/purchase | 51 |
| Assign group | 28 |
| Use ability | 20 |
| Minimap ping | 10 |
| Misc. action | 3 |

| Peasant | 27 | 2025 | / | 0 |
| Flying Machine | 44 | 4400 | / | 1320 |
| Mortar Team | 6 | 1080 | / | 420 |
| Dragonhawk Rider | 2 | 400 | / | 60 |
| total: | 79 | 7905g | / | 1800w |
| Scout Tower | 7 | 210 | / | 140 |
| Guard Tower | 3 | 210 | / | 150 |
| Arcane Tower | 2 | 140 | / | 100 |
| Altar of Kings | 3 | 540 | / | 150 |
| Farm | 23 | 1840 | / | 460 |
| Lumber Mill | 2 | 240 | / | 0 |
| Town Hall | 1 | 385 | / | 205 |
| Blacksmith | 1 | 140 | / | 60 |
| Arcane Vault | 3 | 390 | / | 90 |
| Workshop | 3 | 420 | / | 420 |
| Gryphon Aviary | 2 | 280 | / | 300 |
| Keep | 1 | 320 | / | 210 |
| Castle | 1 | 360 | / | 210 |
| total: | 45 | 4445g | / | 1825w |
| 0:03 | Peasant |
| 0:03 | Peasant |
| 0:13 | Peasant |
| 0:14 | Altar of Kings |
| 0:15 | Peasant |
| 0:23 | Farm |
| 0:24 | Farm |
| 0:25 | Peasant |
| 0:35 | Peasant |
| 0:48 | Peasant |
| 0:58 | Lumber Mill |
| 1:03 | Farm |
| 1:28 | Peasant |
| 1:37 | Farm |
| 1:39 | Peasant |
| 1:58 | Peasant |
| 2:04 | Peasant |
| 2:16 | Storm Bolt |
| 2:22 | Peasant |
| 2:35 | Peasant |
| 3:18 | Town Hall |
| 3:26 | Scout Tower |
| 3:27 | Scout Tower |
| 3:35 | Peasant |
| 3:35 | Peasant |
| 3:35 | Peasant |
| 3:56 | Scout Tower |
| 3:58 | Scout Tower |
| 3:58 | Scout Tower |
| 4:18 | Peasant |
| 4:26 | Keep |
| 4:41 | Guard Tower |
| 4:44 | Peasant |
| 4:44 | Peasant |
| 4:53 | Guard Tower |
| 5:19 | Scout Tower |
| 5:23 | Peasant |
| 5:23 | Peasant |
| 5:24 | Peasant |
| 5:28 | Guard Tower |
| 5:31 | Scout Tower |
| 5:34 | Arcane Tower |
| 5:36 | Peasant |
| 5:58 | Arcane Tower |
| 6:01 | Blacksmith |
| 6:06 | Peasant |
| 6:47 | Castle |
| 7:08 | Peasant |
| 7:16 | Black Gunpowder |
| 7:18 | Workshop |
| 7:20 | Workshop |
| 7:24 | Improved Lumber Harvesting |
| 7:25 | Improved Masonry |
| 8:14 | Workshop |
| 8:22 | Peasant |
| 8:22 | Peasant |
| 8:29 | Flak Cannons |
| 8:30 | Flying Machine |
| 8:30 | Flying Machine |
| 8:30 | Flying Machine |
| 8:50 | Refined Gunpowder |
| 8:54 | Bash |
| 9:21 | Flying Machine Bombs |
| 9:21 | Fragmentation Shards |
| 9:22 | Flare |
| 9:33 | Advanced Lumber Harvesting |
| 9:34 | Advanced Masonry |
| 9:55 | Iron Plating |
| 10:00 | Mortar Team |
| 10:04 | Farm |
| 10:53 | Mortar Team |
| 11:00 | Farm |
| 11:16 | Steel Plating |
| 11:25 | Farm |
| 11:27 | Farm |
| 11:28 | Farm |
| 12:03 | Flying Machine |
| 12:04 | Flying Machine |
| 12:04 | Flying Machine |
| 12:04 | Flying Machine |
| 12:04 | Flying Machine |
| 12:26 | Flying Machine |
| 12:26 | Flying Machine |
| 12:41 | Imbued Gunpowder |
| 12:43 | Mithril Plating |
| 13:12 | Flying Machine |
| 13:12 | Flying Machine |
| 13:18 | Flying Machine |
| 13:18 | Flying Machine |
| 14:04 | Flying Machine |
| 14:04 | Flying Machine |
| 14:07 | Farm |
| 14:08 | Farm |
| 14:10 | Farm |
| 14:12 | Farm |
| 14:14 | Farm |
| 14:51 | Flying Machine |
| 14:51 | Flying Machine |
| 14:52 | Flying Machine |
| 14:52 | Flying Machine |
| 16:07 | Mortar Team |
| 16:33 | Studded Leather Armor |
| 17:09 | Mortar Team |
| 19:37 | Altar of Kings |
| 19:50 | Reinforced Leather Armor |
| 20:29 | Farm |
| 20:30 | Farm |
| 20:34 | Farm |
| 21:20 | Gryphon Aviary |
| 21:39 | Mortar Team |
| 22:15 | Arcane Vault |
| 22:23 | Dragonhide Armor |
| 23:57 | Altar of Kings |
| 25:28 | Lumber Mill |
| 28:31 | Gryphon Aviary |
| 28:54 | Arcane Vault |
| 30:22 | Cloud |
| 30:36 | Dragonhawk Rider |
| 31:20 | Flying Machine |
| 31:20 | Flying Machine |
| 31:20 | Flying Machine |
| 31:35 | Dragonhawk Rider |
| 33:23 | Flying Machine |
| 33:23 | Flying Machine |
| 33:23 | Flying Machine |
| 33:23 | Flying Machine |
| 33:23 | Flying Machine |
| 34:22 | Flying Machine |
| 34:23 | Flying Machine |
| 34:23 | Flying Machine |
| 34:32 | Bash |
| 42:05 | Flying Machine |
| 42:05 | Flying Machine |
| 42:05 | Flying Machine |
| 42:06 | Flying Machine |
| 50:38 | Mortar Team |
| 50:40 | Flying Machine |
| 50:40 | Flying Machine |
| 50:41 | Flying Machine |
| 53:18 | Arcane Vault |
| 54:39 | Flying Machine |
| 54:40 | Flying Machine |
| 54:40 | Flying Machine |
| 54:40 | Flying Machine |
| 54:40 | Flying Machine |
| 57:22 | Farm |
| 57:25 | Farm |
| 57:26 | Farm |
| 57:36 | Farm |
| 57:38 | Farm |
| 58:06 | Farm |
| 58:15 | Flying Machine |
| Right click | 1855 |
| Select | 532 |
| Select group | 166 |
| Build/train/purchase | 117 |
| Use ability | 79 |
| Misc. action | 73 |
| Minimap ping | 30 |
| Resource trade | 9 |
| Esc | 8 |
| Assign group | 7 |
| Remove unit | 2 |
495 units @ 68.2k
/ 11.3k
220 buildings @ 34.8k
/ 18.3k



| Healing Salve | 3 | 300 |
| Lesser Clarity Potion | 6 | 420 |
| Potion of Healing | 6 | 900 |
| Orb of Lightning | 1 | 375 |
| Potion of Mana | 1 | 200 |
| Scroll of Town Portal | 1 | 350 |
| total: | 18 | 2545g |
| Peon | 28 | 2100 | / | 0 |
| Wind Rider | 13 | 3445 | / | 520 |
| Raider | 26 | 4680 | / | 1040 |
| Troll Headhunter | 12 | 1680 | / | 240 |
| Shaman | 19 | 2470 | / | 380 |
| Troll Berserker | 20 | 2800 | / | 400 |
| Troll Witch Doctor | 4 | 580 | / | 100 |
| Demolisher | 29 | 6380 | / | 1450 |
| Goblin Shredder | 1 | 375 | / | 100 |
| total: | 152 | 24510g | / | 4230w |
| Watch Tower | 34 | 3740 | / | 2720 |
| Orc Burrow | 7 | 1120 | / | 280 |
| War Mill | 1 | 205 | / | 0 |
| Altar of Storms | 2 | 360 | / | 100 |
| Voodoo Lounge | 1 | 130 | / | 30 |
| Great Hall | 7 | 2695 | / | 1295 |
| Barracks | 2 | 360 | / | 100 |
| Beastiary | 3 | 435 | / | 420 |
| Spirit Lodge | 1 | 150 | / | 150 |
| Stronghold | 3 | 945 | / | 570 |
| Fortress | 3 | 975 | / | 570 |
| total: | 58 | 9195g | / | 5095w |
| 0:05 | Peon |
| 0:05 | Peon |
| 0:05 | Peon |
| 0:20 | Orc Burrow |
| 0:39 | War Mill |
| 0:43 | Peon |
| 0:58 | Peon |
| 1:08 | Altar of Storms |
| 1:15 | Peon |
| 1:15 | Peon |
| 1:15 | Peon |
| 1:43 | Peon |
| 1:49 | Voodoo Lounge |
| 2:25 | Stronghold |
| 3:11 | Healing Salve |
| 3:12 | Lesser Clarity Potion |
| 3:14 | Wind Walk |
| 3:20 | Orc Burrow |
| 5:23 | Beastiary |
| 5:26 | Beastiary |
| 5:46 | Orc Burrow |
| 5:47 | Steel Ranged Weapons |
| 6:17 | Healing Wave |
| 6:39 | Wind Rider |
| 6:41 | Ensnare |
| 6:41 | Raider |
| 6:44 | Orc Burrow |
| 6:46 | Wind Rider |
| 6:46 | Wind Rider |
| 7:18 | Wind Rider |
| 7:48 | Wind Rider |
| 7:59 | Healing Salve |
| 7:59 | Lesser Clarity Potion |
| 7:59 | Lesser Clarity Potion |
| 8:02 | Healing Salve |
| 8:20 | Thorium Ranged Weapons |
| 8:50 | Wind Rider |
| 8:58 | Watch Tower |
| 9:28 | Wind Rider |
| 9:51 | Critical Strike |
| 9:57 | Orc Burrow |
| 10:01 | Hex |
| 10:55 | Wind Rider |
| 10:57 | Wind Rider |
| 11:21 | Orc Burrow |
| 11:35 | Mirror Image |
| 12:19 | Orc Burrow |
| 12:23 | Fortress |
| 12:44 | Wind Rider |
| 12:45 | Raider |
| 13:07 | Healing Wave |
| 13:25 | Wind Rider |
| 14:28 | Wind Rider |
| 14:29 | Wind Rider |
| 14:52 | Arcanite Ranged Weapons |
| 15:15 | Spiked Barricades |
| 15:15 | Reinforced Defenses |
| 15:27 | Critical Strike |
| 15:53 | Great Hall |
| 18:03 | Great Hall |
| 18:28 | Great Hall |
| 18:30 | Watch Tower |
| 18:33 | Watch Tower |
| 18:36 | Watch Tower |
| 18:49 | Peon |
| 18:49 | Peon |
| 19:21 | Peon |
| 19:21 | Peon |
| 19:36 | Watch Tower |
| 20:07 | Great Hall |
| 20:38 | Watch Tower |
| 20:41 | Watch Tower |
| 20:50 | Watch Tower |
| 20:53 | Watch Tower |
| 21:17 | Watch Tower |
| 21:45 | Watch Tower |
| 21:48 | Watch Tower |
| 21:52 | Watch Tower |
| 21:55 | Watch Tower |
| 22:02 | Peon |
| 22:26 | Serpent Ward |
| 22:29 | Goblin Shredder |
| 22:59 | Watch Tower |
| 23:14 | Stronghold |
| 24:59 | Peon |
| 24:59 | Peon |
| 24:59 | Peon |
| 24:59 | Peon |
| 25:04 | Peon |
| 25:08 | Barracks |
| 25:12 | Barracks |
| 25:38 | Peon |
| 25:42 | Spirit Lodge |
| 25:56 | Beastiary |
| 26:19 | Troll Regeneration |
| 26:20 | Troll Headhunter |
| 26:24 | Troll Headhunter |
| 26:24 | Troll Headhunter |
| 26:24 | Troll Headhunter |
| 26:27 | Fortress |
| 26:47 | Troll Headhunter |
| 26:48 | Troll Headhunter |
| 26:59 | Shaman Adept Training |
| 27:00 | Shaman |
| 27:00 | Shaman |
| 27:00 | Shaman |
| 27:04 | Raider |
| 27:04 | Raider |
| 27:04 | Raider |
| 27:04 | Raider |
| 27:56 | Great Hall |
| 28:00 | Watch Tower |
| 28:02 | Watch Tower |
| 28:05 | Watch Tower |
| 28:11 | Raider |
| 28:11 | Raider |
| 28:16 | Troll Headhunter |
| 28:16 | Troll Headhunter |
| 28:16 | Troll Headhunter |
| 28:22 | Troll Headhunter |
| 28:22 | Troll Headhunter |
| 28:50 | Berserker Upgrade |
| 28:51 | Troll Headhunter |
| 28:53 | Shaman Master Training |
| 28:54 | Shaman |
| 28:56 | Raider |
| 29:14 | Watch Tower |
| 29:16 | Watch Tower |
| 29:19 | Watch Tower |
| 31:10 | Watch Tower |
| 31:20 | Troll Berserker |
| 31:22 | Troll Berserker |
| 31:22 | Troll Berserker |
| 31:24 | Raider |
| 31:24 | Raider |
| 31:26 | Shaman |
| 31:26 | Shaman |
| 31:26 | Shaman |
| 31:26 | Shaman |
| 31:50 | Watch Tower |
| 32:20 | Watch Tower |
| 32:23 | Raider |
| 33:33 | Altar of Storms |
| 33:56 | Raider |
| 33:56 | Raider |
| 33:56 | Raider |
| 33:56 | Raider |
| 33:58 | Raider |
| 33:58 | Raider |
| 33:58 | Raider |
| 34:23 | Watch Tower |
| 35:16 | Shaman |
| 35:16 | Shaman |
| 35:20 | Troll Berserker |
| 35:20 | Troll Berserker |
| 35:24 | Troll Berserker |
| 35:24 | Troll Berserker |
| 35:48 | Lesser Clarity Potion |
| 35:53 | Potion of Healing |
| 36:05 | Troll Berserker |
| 36:05 | Troll Berserker |
| 36:12 | Troll Berserker |
| 36:13 | Troll Berserker |
| 36:13 | Troll Berserker |
| 36:50 | Great Hall |
| 37:03 | Troll Berserker |
| 37:07 | Shaman |
| 37:07 | Shaman |
| 37:07 | Shaman |
| 37:40 | Orb of Lightning |
| 37:44 | Lesser Clarity Potion |
| 38:12 | Lesser Clarity Potion |
| 38:24 | Potion of Healing |
| 38:28 | Shockwave |
| 38:46 | Potion of Mana |
| 38:53 | Watch Tower |
| 39:43 | Mirror Image |
| 40:08 | Watch Tower |
| 42:17 | Watch Tower |
| 42:37 | Potion of Healing |
| 42:46 | Potion of Healing |
| 42:56 | Raider |
| 42:56 | Raider |
| 42:56 | Raider |
| 42:58 | Raider |
| 42:58 | Raider |
| 43:25 | Watch Tower |
| 43:35 | Troll Berserker |
| 43:36 | Troll Berserker |
| 43:39 | Shaman |
| 43:39 | Shaman |
| 43:39 | Shaman |
| 43:39 | Shaman |
| 44:22 | Shaman |
| 44:24 | Witch Doctor Adept Training |
| 44:25 | Troll Witch Doctor |
| 44:25 | Troll Witch Doctor |
| 45:29 | Peon |
| 45:29 | Peon |
| 45:29 | Peon |
| 46:32 | Peon |
| 46:32 | Peon |
| 46:36 | Watch Tower |
| 46:41 | Watch Tower |
| 47:51 | Watch Tower |
| 47:57 | Watch Tower |
| 48:24 | Raider |
| 48:25 | Raider |
| 48:43 | Shaman |
| 48:44 | Troll Witch Doctor |
| 48:44 | Troll Witch Doctor |
| 49:12 | Troll Berserker |
| 49:12 | Troll Berserker |
| 49:13 | Troll Berserker |
| 49:13 | Troll Berserker |
| 49:13 | Troll Berserker |
| 49:19 | Watch Tower |
| 49:26 | Great Hall |
| 51:14 | Stronghold |
| 53:47 | Demolisher |
| 53:47 | Demolisher |
| 53:47 | Demolisher |
| 53:52 | Scroll of Town Portal |
| 53:52 | Potion of Healing |
| 53:55 | Demolisher |
| 53:55 | Demolisher |
| 53:56 | Demolisher |
| 54:08 | Fortress |
| 54:12 | Peon |
| 54:12 | Peon |
| 54:39 | Demolisher |
| 54:40 | Demolisher |
| 54:53 | Peon |
| 56:34 | Demolisher |
| 56:34 | Demolisher |
| 56:36 | Burning Oil |
| 56:36 | Demolisher |
| 56:36 | Demolisher |
| 57:01 | Demolisher |
| 57:03 | Demolisher |
| 57:03 | Demolisher |
| 57:14 | Witch Doctor Master Training |
| 57:18 | Demolisher |
| 57:43 | Potion of Healing |
| 61:10 | Demolisher |
| 61:10 | Demolisher |
| 61:10 | Demolisher |
| 61:11 | Demolisher |
| 61:12 | Demolisher |
| 61:12 | Demolisher |
| 61:12 | Demolisher |
| 61:12 | Demolisher |
| 62:59 | Demolisher |
| 63:01 | Demolisher |
| 63:01 | Demolisher |
| 63:02 | Demolisher |
| 63:02 | Demolisher |
| Right click | 955 |
| Select | 780 |
| Select group | 294 |
| Build/train/purchase | 283 |
| Use ability | 134 |
| Misc. action | 35 |
| Resource trade | 28 |
| Assign group | 23 |
| Item give/drop | 15 |
| Minimap ping | 7 |
xlkjasdxlfkj
(2)
(63:25) : 
| Moonstone | 7 | 350 |
| Anti-magic Potion | 4 | 400 |
| Potion of Mana | 1 | 200 |
| Potion of Healing | 6 | 900 |
| Lesser Clarity Potion | 3 | 210 |
| Scroll of Town Portal | 14 | 4900 |
| Healing Salve | 4 | 400 |
| Scroll of Speed | 1 | 50 |
| total: | 40 | 7410g |
| Wisp | 50 | 3000 | / | 0 |
| Archer | 26 | 3380 | / | 260 |
| Glaive Thrower | 3 | 630 | / | 195 |
| Goblin Shredder | 3 | 1125 | / | 300 |
| Goblin Sapper | 6 | 1290 | / | 600 |
| Goblin Zeppelin | 2 | 480 | / | 120 |
| total: | 90 | 9905g | / | 1475w |
| Ancient Protector | 40 | 5400 | / | 3200 |
| Moon Well | 8 | 1440 | / | 320 |
| Altar of Elders | 2 | 360 | / | 100 |
| Ancient of War | 4 | 600 | / | 240 |
| Tree of Life | 4 | 1360 | / | 740 |
| Hunter's Hall | 1 | 210 | / | 100 |
| Ancient of Wonders | 6 | 540 | / | 180 |
| Tree of Ages | 1 | 320 | / | 180 |
| Tree of Eternity | 1 | 330 | / | 200 |
| total: | 65 | 9910g | / | 4880w |
| 0:02 | Wisp |
| 0:02 | Wisp |
| 0:03 | Wisp |
| 0:03 | Wisp |
| 0:03 | Wisp |
| 0:03 | Wisp |
| 0:03 | Wisp |
| 0:37 | Moon Well |
| 0:42 | Altar of Elders |
| 1:36 | Altar of Elders |
| 1:39 | Wisp |
| 1:44 | Ancient of War |
| 2:03 | Ancient of War |
| 2:10 | Moon Well |
| 2:13 | Wisp |
| 2:14 | Wisp |
| 2:14 | Wisp |
| 2:14 | Wisp |
| 2:14 | Wisp |
| 2:30 | Ancient of War |
| 2:48 | Searing Arrows |
| 3:11 | Archer |
| 3:31 | Archer |
| 3:51 | Archer |
| 3:52 | Archer |
| 4:04 | Moon Well |
| 4:39 | Tree of Ages |
| 5:00 | Archer |
| 5:10 | Trueshot Aura |
| 5:28 | Tree of Life |
| 6:07 | Trueshot Aura |
| 6:38 | Archer |
| 6:42 | Hunter's Hall |
| 6:57 | Moon Well |
| 7:12 | Improved Bows |
| 7:41 | Tree of Life |
| 7:57 | Goblin Shredder |
| 8:02 | Strength of the Moon |
| 8:11 | Wisp |
| 8:26 | Moon Armor |
| 8:44 | Searing Arrows |
| 9:02 | Tree of Eternity |
| 9:06 | Nature's Blessing |
| 9:13 | Ancient of Wonders |
| 9:14 | Ancient of War |
| 9:16 | Improved Strength of the Moon |
| 10:30 | Archer |
| 10:34 | Wisp |
| 10:34 | Wisp |
| 10:34 | Wisp |
| 10:34 | Wisp |
| 10:34 | Wisp |
| 10:40 | Archer |
| 10:42 | Improved Moon Armor |
| 10:50 | Searing Arrows |
| 11:04 | Vorpal Blades |
| 11:12 | Ancient of Wonders |
| 11:14 | Moon Well |
| 11:16 | Moon Well |
| 11:44 | Marksmanship |
| 11:46 | Advanced Strength of the Moon |
| 11:49 | Wisp |
| 12:08 | Glaive Thrower |
| 12:13 | Moon Well |
| 12:37 | Advanced Moon Armor |
| 12:41 | Glaive Thrower |
| 13:07 | Ancient Protector |
| 13:12 | Ancient Protector |
| 14:30 | Archer |
| 14:32 | Archer |
| 15:58 | Well Spring |
| 15:58 | Ultravision |
| 16:00 | Archer |
| 16:55 | Glaive Thrower |
| 17:00 | Ancient Protector |
| 17:00 | Ancient Protector |
| 17:02 | Ancient Protector |
| 17:03 | Ancient Protector |
| 17:04 | Ancient Protector |
| 17:06 | Ancient Protector |
| 17:40 | Archer |
| 18:20 | Archer |
| 18:21 | Archer |
| 18:34 | Ancient Protector |
| 18:37 | Ancient Protector |
| 18:39 | Ancient Protector |
| 18:40 | Ancient Protector |
| 18:42 | Ancient Protector |
| 18:45 | Wisp |
| 18:45 | Wisp |
| 19:11 | Archer |
| 19:12 | Archer |
| 19:15 | Wisp |
| 19:38 | Moonstone |
| 19:47 | Archer |
| 19:50 | Wisp |
| 20:47 | Scroll of Town Portal |
| 21:03 | Scroll of Town Portal |
| 21:04 | Anti-magic Potion |
| 22:23 | Scroll of Town Portal |
| 22:24 | Moonstone |
| 22:30 | Scroll of Town Portal |
| 22:54 | Ancient Protector |
| 22:56 | Ancient Protector |
| 22:56 | Ancient Protector |
| 23:35 | Ancient Protector |
| 23:35 | Ancient Protector |
| 23:43 | Ancient Protector |
| 24:03 | Moon Well |
| 25:51 | Archer |
| 28:36 | Moonstone |
| 28:36 | Potion of Mana |
| 28:39 | Scroll of Town Portal |
| 28:43 | Scroll of Town Portal |
| 29:07 | Tree of Life |
| 29:40 | Archer |
| 30:41 | Wisp |
| 31:12 | Ancient of Wonders |
| 31:18 | Wisp |
| 31:54 | Ancient Protector |
| 32:08 | Wisp |
| 32:12 | Wisp |
| 32:37 | Ancient Protector |
| 32:44 | Wisp |
| 33:16 | Starfall |
| 33:31 | Ancient Protector |
| 33:32 | Ancient Protector |
| 33:33 | Ancient Protector |
| 33:34 | Ancient Protector |
| 33:36 | Ancient Protector |
| 33:37 | Wisp |
| 33:38 | Wisp |
| 33:38 | Wisp |
| 33:38 | Wisp |
| 33:38 | Wisp |
| 33:58 | Ancient Protector |
| 34:44 | Ancient Protector |
| 34:47 | Ancient Protector |
| 34:49 | Ancient Protector |
| 34:50 | Ancient Protector |
| 34:54 | Wisp |
| 34:54 | Wisp |
| 34:58 | Ancient of Wonders |
| 35:00 | Wisp |
| 35:00 | Wisp |
| 35:00 | Wisp |
| 35:46 | Moonstone |
| 35:48 | Potion of Healing |
| 35:53 | Scroll of Town Portal |
| 36:13 | Archer |
| 37:40 | Ancient Protector |
| 37:43 | Potion of Healing |
| 37:43 | Healing Salve |
| 37:53 | Scroll of Town Portal |
| 37:55 | Scroll of Speed |
| 40:16 | Goblin Sapper |
| 40:16 | Goblin Sapper |
| 40:17 | Goblin Sapper |
| 40:17 | Goblin Zeppelin |
| 40:17 | Goblin Shredder |
| 41:17 | Wisp |
| 41:17 | Wisp |
| 41:17 | Wisp |
| 41:18 | Wisp |
| 41:18 | Wisp |
| 41:27 | Wisp |
| 41:47 | Healing Salve |
| 41:47 | Lesser Clarity Potion |
| 42:16 | Moonstone |
| 42:18 | Anti-magic Potion |
| 44:02 | Archer |
| 44:19 | Archer |
| 44:56 | Archer |
| 45:13 | Archer |
| 46:06 | Archer |
| 46:23 | Scroll of Town Portal |
| 49:18 | Scout |
| 50:51 | Healing Salve |
| 50:51 | Lesser Clarity Potion |
| 51:01 | Healing Salve |
| 51:21 | Ancient of Wonders |
| 51:55 | Scroll of Town Portal |
| 51:55 | Scroll of Town Portal |
| 57:08 | Potion of Healing |
| 57:08 | Moonstone |
| 57:11 | Scroll of Town Portal |
| 57:12 | Lesser Clarity Potion |
| 57:14 | Scroll of Town Portal |
| 57:15 | Anti-magic Potion |
| 57:41 | Ancient Protector |
| 57:42 | Ancient Protector |
| 57:43 | Ancient Protector |
| 57:45 | Ancient Protector |
| 59:55 | Wisp |
| 59:56 | Wisp |
| 59:56 | Wisp |
| 59:56 | Wisp |
| 59:56 | Wisp |
| 60:01 | Ancient Protector |
| 60:02 | Ancient Protector |
| 60:04 | Ancient Protector |
| 60:05 | Tree of Life |
| 60:10 | Ancient of Wonders |
| 60:12 | Ancient Protector |
| 60:16 | Trueshot Aura |
| 60:25 | Moonstone |
| 60:26 | Potion of Healing |
| 60:30 | Scroll of Town Portal |
| 60:30 | Anti-magic Potion |
| 61:06 | Goblin Sapper |
| 61:06 | Goblin Sapper |
| 61:06 | Goblin Sapper |
| 61:07 | Goblin Shredder |
| 61:07 | Goblin Zeppelin |
| 61:51 | Potion of Healing |
| 61:53 | Potion of Healing |
| 63:05 | Archer |
| Select | 1150 |
| Right click | 778 |
| Misc. action | 442 |
| Build/train/purchase | 232 |
| Use ability | 88 |
| Resource trade | 41 |
| Item give/drop | 12 |
| Minimap ping | 8 |
| Remove unit | 2 |
| Esc | 1 |



| Scroll of Town Portal | 2 | 700 |
| total: | 2 | 700g |
| Peasant | 29 | 2175 | / | 0 |
| Footman | 3 | 405 | / | 0 |
| Priest | 14 | 1890 | / | 140 |
| Sorceress | 9 | 1395 | / | 180 |
| Knight | 10 | 2450 | / | 600 |
| Mortar Team | 29 | 5220 | / | 2030 |
| Flying Machine | 13 | 1300 | / | 390 |
| Rifleman | 28 | 5740 | / | 840 |
| total: | 135 | 20575g | / | 4180w |
| Scout Tower | 18 | 540 | / | 360 |
| Arcane Tower | 3 | 210 | / | 150 |
| Guard Tower | 15 | 1050 | / | 750 |
| Farm | 15 | 1200 | / | 300 |
| Altar of Kings | 1 | 180 | / | 50 |
| Barracks | 2 | 320 | / | 120 |
| Lumber Mill | 1 | 120 | / | 0 |
| Blacksmith | 1 | 140 | / | 60 |
| Town Hall | 3 | 1155 | / | 615 |
| Arcane Sanctum | 2 | 300 | / | 280 |
| Workshop | 2 | 280 | / | 280 |
| Keep | 1 | 320 | / | 210 |
| Castle | 1 | 360 | / | 210 |
| total: | 45 | 4235g | / | 2065w |
| 0:04 | Peasant |
| 0:04 | Peasant |
| 0:04 | Peasant |
| 0:05 | Peasant |
| 0:10 | Peasant |
| 0:23 | Farm |
| 0:35 | Altar of Kings |
| 0:40 | Farm |
| 0:51 | Barracks |
| 0:55 | Peasant |
| 1:07 | Peasant |
| 1:08 | Peasant |
| 1:22 | Lumber Mill |
| 1:33 | Farm |
| 1:52 | Footman |
| 1:56 | Farm |
| 2:17 | Peasant |
| 2:19 | Footman |
| 2:23 | Footman |
| 2:53 | Keep |
| 3:15 | Blacksmith |
| 3:19 | Holy Light |
| 3:35 | Farm |
| 4:51 | Farm |
| 5:17 | Divine Shield |
| 5:25 | Arcane Sanctum |
| 5:48 | Farm |
| 6:07 | Barracks |
| 6:23 | Iron Forged Swords |
| 6:25 | Improved Lumber Harvesting |
| 6:44 | Priest |
| 6:47 | Arcane Sanctum |
| 7:09 | Flame Strike |
| 8:20 | Siphon Mana |
| 8:34 | Town Hall |
| 8:39 | Priest |
| 8:40 | Priest |
| 8:41 | Castle |
| 8:43 | Priest Adept Training |
| 8:45 | Sorceress Adept Training |
| 8:48 | Steel Forged Swords |
| 9:16 | Sorceress |
| 9:48 | Sorceress |
| 9:52 | Iron Plating |
| 10:36 | Peasant |
| 10:37 | Peasant |
| 10:42 | Sorceress |
| 10:47 | Priest |
| 11:02 | Knight |
| 11:04 | Knight |
| 11:08 | Priest Master Training |
| 11:08 | Sorceress Master Training |
| 11:29 | Holy Light |
| 11:38 | Sorceress |
| 11:41 | Steel Plating |
| 12:33 | Peasant |
| 12:33 | Peasant |
| 12:33 | Peasant |
| 12:34 | Peasant |
| 12:49 | Knight |
| 12:49 | Knight |
| 12:51 | Knight |
| 12:51 | Knight |
| 13:00 | Scout Tower |
| 13:01 | Scout Tower |
| 13:02 | Scout Tower |
| 13:03 | Scout Tower |
| 13:08 | Sorceress |
| 13:10 | Priest |
| 13:15 | Animal War Training |
| 13:17 | Mithril Forged Swords |
| 13:27 | Farm |
| 13:30 | Farm |
| 14:16 | Storm Bolt |
| 14:21 | Flame Strike |
| 14:38 | Farm |
| 14:39 | Farm |
| 14:52 | Arcane Tower |
| 14:53 | Arcane Tower |
| 14:55 | Arcane Tower |
| 14:57 | Guard Tower |
| 15:13 | Advanced Lumber Harvesting |
| 15:42 | Farm |
| 15:43 | Farm |
| 15:44 | Farm |
| 15:45 | Farm |
| 16:33 | Mithril Plating |
| 16:35 | Knight |
| 16:37 | Knight |
| 16:39 | Sorceress |
| 16:40 | Priest |
| 17:33 | Divine Shield |
| 18:17 | Peasant |
| 18:17 | Peasant |
| 18:18 | Peasant |
| 18:18 | Peasant |
| 19:05 | Peasant |
| 19:06 | Peasant |
| 19:06 | Peasant |
| 19:20 | Peasant |
| 19:20 | Peasant |
| 19:25 | Workshop |
| 19:26 | Workshop |
| 19:39 | Black Gunpowder |
| 21:42 | Peasant |
| 21:42 | Peasant |
| 21:44 | Mortar Team |
| 21:45 | Mortar Team |
| 22:03 | Flying Machine |
| 22:04 | Flying Machine |
| 22:23 | Flak Cannons |
| 22:28 | Flying Machine |
| 22:28 | Flying Machine |
| 22:39 | Flying Machine |
| 22:44 | Rifleman |
| 22:44 | Rifleman |
| 22:44 | Rifleman |
| 22:44 | Rifleman |
| 22:46 | Rifleman |
| 22:46 | Rifleman |
| 22:47 | Rifleman |
| 22:47 | Rifleman |
| 23:44 | Flying Machine Bombs |
| 23:52 | Mortar Team |
| 23:57 | Fragmentation Shards |
| 24:04 | Long Rifles |
| 25:04 | Refined Gunpowder |
| 25:05 | Rifleman |
| 25:09 | Flying Machine |
| 25:10 | Mortar Team |
| 27:49 | Peasant |
| 27:49 | Peasant |
| 27:50 | Peasant |
| 27:55 | Scout Tower |
| 27:56 | Scout Tower |
| 28:02 | Scout Tower |
| 28:24 | Flying Machine |
| 28:26 | Mortar Team |
| 28:59 | Scroll of Town Portal |
| 29:01 | Scroll of Town Portal |
| 29:47 | Guard Tower |
| 29:51 | Scout Tower |
| 29:54 | Scout Tower |
| 29:56 | Guard Tower |
| 29:58 | Guard Tower |
| 31:27 | Guard Tower |
| 31:30 | Scout Tower |
| 31:30 | Scout Tower |
| 31:57 | Bash |
| 34:39 | Guard Tower |
| 34:40 | Guard Tower |
| 34:43 | Rifleman |
| 34:43 | Rifleman |
| 34:44 | Rifleman |
| 34:45 | Rifleman |
| 34:59 | Guard Tower |
| 35:02 | Mortar Team |
| 35:04 | Mortar Team |
| 35:07 | Priest |
| 35:07 | Priest |
| 35:09 | Sorceress |
| 35:09 | Sorceress |
| 35:12 | Rifleman |
| 35:25 | Scout Tower |
| 36:01 | Mortar Team |
| 36:02 | Mortar Team |
| 36:05 | Sorceress |
| 36:06 | Priest |
| 36:08 | Knight |
| 36:10 | Knight |
| 36:25 | Guard Tower |
| 41:16 | Priest |
| 41:17 | Priest |
| 41:18 | Priest |
| 41:18 | Priest |
| 41:30 | Town Hall |
| 41:45 | Rifleman |
| 41:46 | Rifleman |
| 41:47 | Rifleman |
| 41:47 | Rifleman |
| 42:37 | Rifleman |
| 42:39 | Rifleman |
| 42:41 | Flying Machine |
| 42:41 | Flying Machine |
| 42:42 | Flying Machine |
| 42:43 | Flying Machine |
| 42:44 | Flying Machine |
| 42:44 | Flying Machine |
| 44:03 | Mortar Team |
| 44:05 | Mortar Team |
| 47:06 | Town Hall |
| 47:17 | Mortar Team |
| 47:18 | Mortar Team |
| 47:53 | Scout Tower |
| 47:55 | Scout Tower |
| 48:13 | Scout Tower |
| 48:46 | Guard Tower |
| 48:48 | Guard Tower |
| 48:55 | Scout Tower |
| 48:56 | Scout Tower |
| 48:57 | Scout Tower |
| 49:25 | Guard Tower |
| 49:26 | Guard Tower |
| 50:28 | Guard Tower |
| 50:29 | Guard Tower |
| 50:32 | Mortar Team |
| 50:33 | Mortar Team |
| 50:34 | Mortar Team |
| 50:34 | Mortar Team |
| 50:36 | Priest |
| 52:43 | Mortar Team |
| 52:43 | Mortar Team |
| 52:44 | Mortar Team |
| 52:45 | Mortar Team |
| 52:46 | Imbued Gunpowder |
| 53:48 | Holy Light |
| 56:03 | Storm Bolt |
| 56:15 | Rifleman |
| 56:15 | Rifleman |
| 56:17 | Rifleman |
| 56:17 | Rifleman |
| 56:19 | Mortar Team |
| 56:19 | Mortar Team |
| 56:20 | Mortar Team |
| 56:21 | Mortar Team |
| 57:13 | Siphon Mana |
| 58:29 | Mortar Team |
| 58:30 | Mortar Team |
| 62:11 | Mortar Team |
| 62:13 | Mortar Team |
| 62:15 | Rifleman |
| 62:16 | Rifleman |
| 62:18 | Rifleman |
| 62:18 | Rifleman |
| 63:14 | Flame Strike |
| 63:16 | Resurrection |
| Right click | 1099 |
| Select | 513 |
| Build/train/purchase | 206 |
| Select group | 172 |
| Use ability | 67 |
| Assign group | 37 |
| Minimap ping | 2 |
| Misc. action | 1 |
| Item give/drop | 1 |
| Remove unit | 1 |
| Esc | 1 |



| Potion of Healing | 5 | 750 |
| Orb of Venom | 2 | 650 |
| Scroll of Town Portal | 7 | 2450 |
| Scroll of Healing | 1 | 250 |
| total: | 15 | 4100g |
| Wisp | 76 | 4560 | / | 0 |
| Archer | 2 | 260 | / | 20 |
| Chimaera | 12 | 3960 | / | 840 |
| Hippogryph | 28 | 4480 | / | 560 |
| total: | 118 | 13260g | / | 1420w |
| Ancient Protector | 9 | 1215 | / | 720 |
| Altar of Elders | 1 | 180 | / | 50 |
| Moon Well | 12 | 2160 | / | 480 |
| Ancient of War | 1 | 150 | / | 60 |
| Tree of Life | 18 | 6120 | / | 3330 |
| Ancient of Wonders | 1 | 90 | / | 30 |
| Hunter's Hall | 1 | 210 | / | 100 |
| Ancient of Wind | 5 | 750 | / | 700 |
| Chimaera Roost | 4 | 560 | / | 760 |
| Tree of Ages | 2 | 640 | / | 360 |
| Tree of Eternity | 2 | 660 | / | 400 |
| total: | 52 | 11435g | / | 6230w |
| 0:04 | Wisp |
| 0:05 | Wisp |
| 0:09 | Altar of Elders |
| 0:11 | Moon Well |
| 0:22 | Wisp |
| 0:36 | Wisp |
| 0:51 | Wisp |
| 1:01 | Ancient of War |
| 1:16 | Wisp |
| 1:16 | Wisp |
| 1:25 | Moon Well |
| 1:40 | Wisp |
| 1:40 | Wisp |
| 1:57 | Wisp |
| 1:57 | Wisp |
| 2:05 | Archer |
| 2:09 | Immolation |
| 2:21 | Moon Well |
| 2:31 | Archer |
| 2:38 | Wisp |
| 3:40 | Tree of Life |
| 3:44 | Tree of Ages |
| 4:08 | Ancient of Wonders |
| 4:11 | Moon Well |
| 4:30 | Moon Well |
| 5:29 | Hunter's Hall |
| 6:17 | Tree of Eternity |
| 6:23 | Wisp |
| 6:23 | Wisp |
| 6:23 | Wisp |
| 6:23 | Wisp |
| 6:23 | Wisp |
| 6:50 | Ultravision |
| 6:50 | Strength of the Wild |
| 6:51 | Reinforced Hides |
| 6:54 | Mana Burn |
| 7:06 | Potion of Healing |
| 7:07 | Potion of Healing |
| 7:18 | Entangling Roots |
| 9:45 | Well Spring |
| 9:45 | Improved Strength of the Wild |
| 9:46 | Improved Reinforced Hides |
| 9:51 | Moon Well |
| 9:52 | Moon Well |
| 9:53 | Moon Well |
| 9:54 | Moon Well |
| 10:01 | Wisp |
| 10:02 | Wisp |
| 10:02 | Wisp |
| 10:02 | Wisp |
| 10:02 | Wisp |
| 10:07 | Wisp |
| 10:07 | Wisp |
| 10:07 | Wisp |
| 10:07 | Wisp |
| 10:07 | Wisp |
| 10:10 | Trueshot Aura |
| 10:19 | Chimaera Roost |
| 10:27 | Chimaera Roost |
| 11:06 | Chimaera Roost |
| 11:39 | Tree of Life |
| 12:06 | Thorns Aura |
| 12:16 | Chimaera Roost |
| 12:24 | Wisp |
| 12:24 | Wisp |
| 12:24 | Wisp |
| 12:24 | Wisp |
| 12:25 | Wisp |
| 12:46 | Chimaera |
| 12:51 | Advanced Reinforced Hides |
| 13:09 | Mana Burn |
| 13:48 | Chimaera |
| 13:52 | Advanced Strength of the Wild |
| 14:26 | Searing Arrows |
| 14:44 | Chimaera |
| 16:04 | Evasion |
| 16:27 | Nature's Blessing |
| 16:36 | Ancient of Wind |
| 16:49 | Ancient Protector |
| 16:51 | Ancient Protector |
| 16:54 | Ancient Protector |
| 16:56 | Ancient Protector |
| 16:58 | Ancient Protector |
| 17:29 | Corrosive Breath |
| 17:50 | Tree of Life |
| 18:07 | Ancient Protector |
| 18:16 | Ancient Protector |
| 18:19 | Ancient Protector |
| 18:23 | Ancient Protector |
| 18:34 | Entangling Roots |
| 18:36 | Trueshot Aura |
| 20:26 | Wisp |
| 20:26 | Wisp |
| 20:26 | Wisp |
| 20:26 | Wisp |
| 20:27 | Wisp |
| 20:37 | Hippogryph |
| 20:37 | Hippogryph |
| 20:38 | Hippogryph |
| 20:38 | Hippogryph |
| 21:23 | Tree of Ages |
| 21:38 | Hippogryph |
| 21:38 | Hippogryph |
| 22:51 | Mana Burn |
| 22:52 | Thorns Aura |
| 23:59 | Tree of Eternity |
| 25:18 | Searing Arrows |
| 25:44 | Ancient of Wind |
| 25:45 | Ancient of Wind |
| 25:46 | Ancient of Wind |
| 26:15 | Ancient of Wind |
| 26:17 | Hippogryph |
| 26:17 | Hippogryph |
| 26:17 | Hippogryph |
| 26:42 | Wisp |
| 26:42 | Wisp |
| 26:55 | Orb of Venom |
| 27:05 | Scroll of Town Portal |
| 27:19 | Hippogryph |
| 27:33 | Moon Well |
| 27:34 | Moon Well |
| 27:35 | Moon Well |
| 28:23 | Potion of Healing |
| 28:31 | Chimaera |
| 28:39 | Tree of Life |
| 29:09 | Scout |
| 29:30 | Hippogryph |
| 29:31 | Hippogryph |
| 29:46 | Tree of Life |
| 29:52 | Tree of Life |
| 29:56 | Tree of Life |
| 30:48 | Hippogryph |
| 31:44 | Tree of Life |
| 32:39 | Hippogryph |
| 32:39 | Hippogryph |
| 32:43 | Wisp |
| 32:44 | Wisp |
| 32:44 | Wisp |
| 32:44 | Wisp |
| 32:44 | Wisp |
| 32:48 | Wisp |
| 32:48 | Wisp |
| 32:48 | Wisp |
| 32:48 | Wisp |
| 32:48 | Wisp |
| 33:06 | Tree of Life |
| 33:30 | Chimaera |
| 33:46 | Metamorphosis |
| 34:18 | Wisp |
| 34:18 | Wisp |
| 34:18 | Wisp |
| 34:18 | Wisp |
| 34:19 | Wisp |
| 34:30 | Scroll of Town Portal |
| 34:41 | Wisp |
| 34:41 | Wisp |
| 34:42 | Wisp |
| 34:42 | Wisp |
| 34:42 | Wisp |
| 35:19 | Hippogryph |
| 38:52 | Scroll of Town Portal |
| 38:54 | Potion of Healing |
| 39:14 | Hippogryph |
| 39:15 | Hippogryph |
| 39:15 | Hippogryph |
| 39:15 | Hippogryph |
| 39:15 | Hippogryph |
| 39:42 | Wisp |
| 39:42 | Wisp |
| 39:42 | Wisp |
| 39:42 | Wisp |
| 39:42 | Wisp |
| 40:28 | Potion of Healing |
| 40:30 | Orb of Venom |
| 40:56 | Chimaera |
| 41:49 | Tree of Life |
| 42:30 | Chimaera |
| 42:33 | Tree of Life |
| 43:19 | Entangling Roots |
| 43:39 | Tree of Life |
| 43:53 | Scroll of Town Portal |
| 44:12 | Scroll of Town Portal |
| 44:15 | Scroll of Healing |
| 44:21 | Tree of Life |
| 44:27 | Tree of Life |
| 44:31 | Tree of Life |
| 45:16 | Tree of Life |
| 45:21 | Hippogryph |
| 45:21 | Hippogryph |
| 45:21 | Hippogryph |
| 47:31 | Wisp |
| 47:31 | Wisp |
| 47:32 | Wisp |
| 47:32 | Wisp |
| 47:32 | Wisp |
| 47:42 | Hippogryph |
| 47:42 | Hippogryph |
| 48:02 | Trueshot Aura |
| 48:14 | Hippogryph |
| 48:21 | Wisp |
| 48:21 | Wisp |
| 48:21 | Wisp |
| 48:22 | Wisp |
| 48:22 | Wisp |
| 48:31 | Wisp |
| 49:58 | Hippogryph |
| 50:53 | Scroll of Town Portal |
| 50:57 | Scroll of Town Portal |
| 51:24 | Chimaera |
| 51:31 | Tree of Life |
| 53:59 | Wisp |
| 57:17 | Chimaera |
| 58:40 | Tree of Life |
| 60:12 | Chimaera |
| 60:36 | Tranquility |
| 60:45 | Evasion |
| 61:28 | Starfall |
| 62:18 | Chimaera |
| 62:19 | Chimaera |
| Right click | 1304 |
| Select group | 1227 |
| Select | 835 |
| Build/train/purchase | 218 |
| Use ability | 87 |
| Misc. action | 77 |
| Assign group | 54 |
| Resource trade | 31 |
| Item give/drop | 7 |
| Esc | 5 |
| Remove unit | 1 |